 Dungeon Crawl Stone Soup version 0.28-a0-991-g956f0ee3d5 (webtiles) character file.

Game seed: 3340814466459568334

4641 Peloso the Carver (level 10, -7/86 HPs)
             Began as a Minotaur Fighter on Dec 5, 2021.
             Was an Elder of Okawaru.
             Mangled by an orc warrior (16 damage)
             ... on level 8 of the Dungeon.
             The game lasted 00:14:58 (10214 turns).

Peloso the Carver (Minotaur Fighter)               Turns: 10214, Time: 00:14:58

Health: -7/86      AC: 16    Str: 23    XL:     10   Next: 20%
Magic:  9/9        EV:  8    Int:  5    God:    Okawaru [****..]
Gold:   465        SH:  5    Dex: 12    Spells: 9/9 levels left

rFire   . . .      SeeInvis .   a - +0 long sword
rCold   . . .      Faith    +   c - +0 buckler
rNeg    . . .      Spirit   .   x - +0 plate armour
rPois   .          Reflect  .   (helmet restricted)
rElec   .          Harm     .   u - scarf {+Inv}
rCorr   .          Rampage  .   (no gloves)
Will    .....                   z - +0 pair of boots
Stlth   ..........              i - amulet of faith
HPRegen 0.24/turn               (no ring)
MPRegen 0.11/turn               (no ring)

@: no status effects
A: horns 2, retaliatory headbutt
a: Renounce Religion, Evoke Invisibility, Heroism, Finesse


You were on level 8 of the Dungeon.
You worshipped Okawaru.
Okawaru was greatly pleased with you.
You visited 2 branches of the dungeon, and saw 10 of its levels.

You collected 465 gold pieces.

Inventory:

Hand Weapons
 a - a +0 long sword (weapon)
Armour
 b - a +0 scale mail
 c - a +0 buckler (worn)
 l - a +0 chain mail
 u - a scarf of invisibility (worn)
 x - a +0 plate armour (worn)
 z - a +0 pair of boots (worn)
Jewellery
 i - an amulet of faith (around neck)
Wands
 d - a wand of paralysis (8)
 j - a wand of flame (15)
 v - a wand of iceblast (19)
Scrolls
 m - a scroll of noise
 n - a scroll of teleportation
 q - a scroll of enchant armour
 r - a scroll of enchant weapon {unknown}
 s - a scroll of identify
 y - a scroll of amnesia {unknown}
Potions
 e - a potion of magic {unknown}
 f - 3 potions of curing {unknown}
 g - 8 potions of heal wounds
 h - 2 potions of resistance {unknown}
 k - 3 potions of attraction {unknown}
 o - a potion of lignification {unknown}
 p - 2 potions of mutation {unknown}
 t - a potion of brilliance {unknown}
 w - a potion of cancellation {unknown}


   Skills:
 + Level 7.4 Fighting
 + Level 11.1 Long Blades
 + Level 10.5 Armour
 + Level 3.1 Dodging
 + Level 1.5 Stealth
 + Level 7.5 Shields
 + Level 0.1 Invocations


You had 9 spell levels left.
You didn't know any spells.
Your spell library contained the following spells:

 Spells                   Type           Power      Damage    Failure   Level
 Orb of Destruction       Conj           0%         N/A       100%        7
 Summon Guardian Golem    Hex/Summ       Unusable   N/A       N/A         3
 Spellforged Servitor     Conj/Summ      Unusable   N/A       N/A         7

Dungeon Overview and Level Annotations

Branches:
Dungeon (9/15)             Temple (1/1) D:4
   Lair: D:8-11         Orc: D:9-12

Altars:
Fedhas
Gozag
Makhleb
Okawaru
Qazlal
Ru
Sif Muna
Uskayaw
Wu Jian
Xom
Yredelemnul
Zin
The Shining One

Shops:
D:7 (   D:8 =:**=


Innate Abilities, Weirdness & Mutations

You have a pair of horns on your head.
You reflexively headbutt those who attack you in melee.


Message History

The killer bee barely misses you. You block the killer bee's attack.
You feel sick.
You are no longer poisoned.
You block the killer bee's attack.
The orc priest mumbles some strange prayers to Beogh against you.
Beogh smites you!
* * * LOW HITPOINT WARNING * * *
You block the killer bee's attack.
The killer bee stings you but does no damage.
The orc priest calls upon Beogh to heal the orc warrior.
The orc warrior is healed somewhat.
The killer bee barely misses you. The killer bee stings you.
* * * LOW HITPOINT WARNING * * *
You are poisoned.
The killer bee poisons you!
Unknown command.
You feel sick.
The killer bee stings you but does no damage.
You block the killer bee's attack.
You feel sick.
You feel sick.
The killer bee stings you but does no damage.
You feel sick.
The killer bee stings you but does no damage.
You feel sick.
You completely miss the killer bee.
The killer bee is heavily wounded.
You feel sick. The killer bee stings you.
* * * LOW HITPOINT WARNING * * *
The killer bee stings you but does no damage.
You slash the killer bee!
You kill the killer bee!
Okawaru accepts your kill.
You feel sick.
You closely miss the orc warrior.
The orc warrior is lightly wounded.
You feel sick.
You are no longer poisoned.
The orc warrior hits you with a +0 dire flail!
You die...

.# #.#.##### #............# )###
#.#.#...###......#.#...# ...##
#.#.#.<..........#.....#
.#..####.#.#....##.........####
.##.#..........######......###
.##............# ##........####
###............# #..##........# #
#............#####.##.........#
###.........#...@ooy.##.........#
.##...........#####o.#..##....#.#
..............## ##.....###...#.#
............#..###.o(#........#..
............##............#...##.
...................#.....##...###
............>..#.#....#####...#
...........†[..#.o...## #...##
......#'#.....o...#### #...<#


You could see an orc warrior, a killer bee and 2 orcs.

Vanquished Creatures
  Joseph (D:7)
  A kobold demonologist (D:8)
  Prince Ribbit (D:7)
  A hornet (D:7)
  Sigmund (D:3)
  Menkaure (D:7)
  2 water moccasins
  Duvessa (D:7)
  2 orc warriors
  2 sky beasts (D:7)
  An ice beast (D:8)
  2 black bears (D:6)
  3 ogres
  A centaur (D:8)
  A phantom (D:4)
  A kobold brigand (D:7)
  A scorpion (D:5)
  2 bullfrogs
  Dowan (D:7)
  A water moccasin skeleton (D:5)
  8 killer bees
  8 wights
  A bullfrog zombie (D:5)
  2 hounds
  2 jellies
  3 orc priests
  3 bullfrog skeletons
  5 iguanas
  Ijyb (D:3)
  8 orc wizards
  A killer bee zombie (D:7)
  8 gnolls
  12 adders
  3 white imps
  An ufetubus (D:5)
  A worm (D:2)
  3 dart slugs
  18 orcs
  3 endoplasms
  4 giant cockroaches
  7 hobgoblins
  3 jackals (D:2)
  6 quokkas
  9 ball pythons
  7 bats
  3 frilled lizards
  10 goblins
  15 kobolds
  10 rats
192 creatures vanquished.

Vanquished Creatures (others)
  7 plants (D:1)
7 creatures vanquished.

Grand Total: 199 creatures vanquished

Notes
Turn   | Place    | Note
-------+----------+-------------------------------------------
     0 | D:1      | Peloso the Minotaur Fighter began the quest for the Orb.
     0 | D:1      | Reached XP level 1. HP: 19/19 MP: 0/0
     7 | D:1      | Reached XP level 2. HP: 27/27 MP: 1/1
   412 | D:1      | Found a faded altar of an unknown god.
   429 | D:1      | Reached XP level 3. HP: 33/33 MP: 2/2
  1119 | D:2      | Reached skill level 3 in Long Blades
  1550 | D:2      | Reached XP level 4. HP: 31/41 MP: 3/3
  2006 | D:3      | Noticed Ijyb
  2018 | D:3      | Killed Ijyb
  2026 | D:3      | Reached XP level 5. HP: 22/47 MP: 4/4
  2248 | D:3      | Reached skill level 4 in Long Blades
  2248 | D:3      | Reached skill level 1 in Dodging
  2567 | D:3      | Reached skill level 5 in Shields
  2748 | D:3      | Noticed Sigmund
  2795 | D:3      | Killed Sigmund
  2796 | D:3      | Reached skill level 5 in Long Blades
  2796 | D:3      | Reached skill level 5 in Armour
  2796 | D:3      | Reached XP level 6. HP: 27/55 MP: 5/5
  3375 | D:4      | Found a staircase to the Ecumenical Temple.
  3396 | Temple   | Entered the Ecumenical Temple
  3487 | Temple   | Became a worshipper of Warmaster Okawaru
  3560 | D:4      | Reached skill level 5 in Fighting
  3564 | D:4      | Reached XP level 7. HP: 50/61 MP: 6/6
  3753 | D:4      | Found a sacrificial altar of Ru.
  4260 | D:5      | Entered Level 5 of the Dungeon
  4618 | D:5      | Reached skill level 6 in Long Blades
  5058 | D:5      | Reached * piety under Okawaru
  5059 | D:5      | Reached XP level 8. HP: 55/69 MP: 7/7
  5840 | D:6      | Reached skill level 7 in Long Blades
  6365 | D:6      | Reached skill level 8 in Long Blades
  7379 | D:7      | Reached ** piety under Okawaru
  7380 | D:7      | Reached XP level 9. HP: 62/78 MP: 8/8
  7919 | D:7      | Reached skill level 9 in Long Blades
  7940 | D:7      | Found Nosujaoh's Antique Weapon Boutique.
  7968 | D:7      | Noticed Menkaure
  7978 | D:7      | Killed Menkaure
  7981 | D:7      | Noticed Prince Ribbit
  7985 | D:7      | Paralysed by a hornet for 2 turns
  7998 | D:7      | Killed Prince Ribbit
  8354 | D:7      | Reached skill level 1 in Stealth
  8363 | D:7      | Reached *** piety under Okawaru
  8364 | D:7      | Reached skill level 10 in Long Blades
  8668 | D:7      | Noticed Joseph
  8694 | D:7      | Noticed Duvessa
  8731 | D:7      | Killed Duvessa
  8740 | D:7      | Killed Joseph
  9131 | D:7      | Noticed Dowan
  9142 | D:7      | Killed Dowan
  9285 | D:8      | Reached skill level 10 in Armour
  9401 | D:8      | Found Egapsib's General Store.
  9444 | D:8      | Found Ladeg's Assorted Antiques.
  9457 | D:8      | Found Ront's Book Boutique.
  9561 | D:8      | Reached **** piety under Okawaru
  9562 | D:8      | Reached XP level 10. HP: 86/86 MP: 9/9
  9892 | D:8      | Found Qutioxt's Jewellery Emporium.
  9949 | D:8      | Found Roth's Jewellery Shoppe.
 10013 | D:8      | Reached skill level 11 in Long Blades
 10214 | D:8      | Mangled by an orc warrior

Illustrated notes

Levels and vault maps discovered:
D:1:      wander_arrival_desolate, layout_loops_ring, basic_ecumenical_altar,
          chequers_big_river, minmay_split_cup_small
D:2:      layout_loops_ring, feat_on_display
D:3:      layout_loops_cross, serial_co_window_serial, co_window_corner_a,
          co_window_corner_a, co_window_cross_1, co_window_of_opportunity_a,
          co_window_corner_a, co_window_broadway_b, co_window_of_opportunity_c,
          co_window_2corner, co_window_corner_b, co_window_paths_d,
          glass_columns_b, glass_columns_c, glass_columns_b, uniq_sigmund,
          uniq_ijyb
D:4:      layout_basic, nicolae_overflow_crystal_walls,
          minmay_temple_entry_ruins
D:5:      layout_loops_ring, palyth_stone_intersect
D:6:      layout_gridville, grunt_decor_fettered, st_stairs_7
D:7:      layout_basic, serial_shops, shop_statue, uniq_joseph, uniq_menkaure,
          uniq_prince_ribbit1, uniq_duvessa
D:8:      layout_rooms, serial_shops, kennysheep_mini, nicolae_shop_crystal,
          shop, shop_coins, nicolae_shop_hallway_plus
D:9:      layout_long_grid, erik_orc_2, serial_shops, shop,
          minmay_fractal_squares_gapless_5
Temple:   regret_index_temple_sigil_plot

Skill      XL: |  1  2  3  4  5  6  7  8  9 10 |
---------------+-------------------------------+-----
Fighting       | 4 5 6 7 |  7.4
Shields        | 4 5 6 7 |  7.5
Armour         | 4 5 7 8 10 | 10.5
Long Blades    | 3 5 6 8 10 11 | 11.1
Dodging        | 1 2 3 |  3.1
Stealth        | 1 |  1.5
Invocations    | |  0.1

Action                   |  1- 3 |  4- 6 |  7- 9 | 10-12 || total
-------------------------+-------+-------+-------+-------++-------
Melee: Long sword        |   111 |   108 |   387 |    54 ||   660
       Headbutt          |    15 |    21 |    91 |     8 ||   135
Invok: Heroism           |       |       |     1 |       ||     1
Evoke: Wand              |       |       |     1 |       ||     1
  Use: Potion            |       |     1 |     1 |       ||     2
       Scroll            |       |       |     5 |       ||     5
 Stab: Paralysed         |       |       |     3 |       ||     3
Armor: Scale mail        |    44 |    14 |       |       ||    58
       Chain mail        |       |    30 |   163 |       ||   193
       Plate armour      |       |       |     9 |    68 ||    77
Dodge: Dodged            |    52 |    45 |   132 |    49 ||   278
Block: Buckler           |    24 |    31 |    94 |    28 ||   177

Table legend: (Time is in decaauts)
 A = Elapsed time spent in this place.
 B = Non-inter-level travel time spent in this place.
 C = Inter-level travel time spent in this place.
 D = Time resting spent in this place.
 E = Time spent auto-exploring this place.
 F = Levels seen in this place.
 G = Mean time per level.
                   A        B        C        D        E       F      G
               +--------+--------+--------+--------+--------+-----+--------+
         Total |  10264 |  10093 |    171 |    839 |   7397 |  10 | 1026.4 |
       Dungeon |  10147 |   9976 |    171 |    839 |   7321 |   9 | 1127.4 |
        Temple |    117 |    117 |      0 |      0 |     76 |   1 |  117.0 |
               +--------+--------+--------+--------+--------+-----+--------+

Top non-repeatable levels by time:
     D:7: 1862 daAuts
     D:6: 1534 daAuts
     D:3: 1400 daAuts
     D:5: 1296 daAuts
     D:4: 1065 daAuts
     D:2: 1025 daAuts
     D:8: 989 daAuts
     D:1: 965 daAuts
  Temple: 117 daAuts
     D:9: 6 daAuts
